 Dungeon Crawl Stone Soup version 0.27-a0-1431-gcffa5a9b16 (webtiles) character file.

Game seed: 6943503854430045349

3173 nyamberluvr69 the Cleaver (level 9, -20/70 HPs)
             Began as an Octopode Berserker on July 2, 2021.
             Was an Elder of Trog.
             Demolished by a boulder beetle (31 damage)
             ... on level 6 of the Dungeon.
             The game lasted 00:23:35 (9750 turns).

nyamberluvr69 the Cleaver (Octopode Berserker)      Turns: 9750, Time: 00:23:35

Health: -20/70     AC:  1    Str: 19    XL:     9   Next: 94%
Magic:  9/9        EV: 13    Int:  9    God:    Trog [****..]
Gold:   64         SH: 10    Dex: 12    Spells: 8/8 levels left

rFire    . . .     SeeInvis .   n - +1 hand axe (flame)
rCold    + . .     Faith    .   r - +0 buckler
rNeg     . . .     Spirit   .   (helmet restricted)
rPois    .         Reflect  +   k - amulet of reflection
rElec    .         Harm     .   i - ring of flight
rCorr    .         Rampage  .   t - ring of protection from cold
Will     ++...                  (no ring)
Stlth    ++........             (no ring)
HPRegen  1.21/turn              (no ring)
MPRegen  0.11/turn              (no ring)
                                (no ring)
                                (no ring)

@: strong-willed, flying, regenerating
A: almost no armour, amphibious, 8 rings, camouflage 1, gelatinous body 1,
(nimble swimmer 1), tentacles
a: Renounce Religion, Berserk, Trog's Hand, Brothers in Arms


You were on level 6 of the Dungeon.
You worshipped Trog.
Trog was greatly pleased with you.
You visited 1 branch of the dungeon, and saw 7 of its levels.
You also visited: Sewer.

You collected 352 gold pieces.
You spent 288 gold pieces at shops.

Inventory:

Hand Weapons
 a - a +0 hand axe
 n - a +1 hand axe of flaming (weapon)
Missiles
 m - 7 atropa-tipped darts (quivered)
 x - a throwing net
Armour
 r - a +0 buckler (worn)
Jewellery
 i - a ring of flight (left tentacle)
 k - an amulet of reflection (around mantle)
 t - a ring of protection from cold (right tentacle)
Scrolls
 b - a scroll of fog
 c - a scroll of enchant armour
 d - a scroll of torment
 h - 2 scrolls of immolation
 l - a scroll of holy word
 u - 3 scrolls of magic mapping
 v - 2 scrolls of teleportation
 w - 2 scrolls of noise {unknown}
 y - 2 scrolls of amnesia {unknown}
 B - a scroll of brand weapon
Potions
 e - 2 potions of magic
 g - a potion of haste {unknown}
 j - 2 potions of heal wounds
 o - a potion of resistance {unknown}
 p - 3 potions of might
 s - 5 potions of curing
 z - a potion of ambrosia {unknown}
 A - a potion of invisibility {unknown}
 C - a potion of degeneration {unknown}


   Skills:
 + Level 9.6 Fighting
 + Level 9.6 Axes
 - Level 3.0 Dodging
 - Level 4.0 Shields


You had 8 spell levels left.
You didn't know any spells.
Your spell library was empty.

Dungeon Overview and Level Annotations

Branches:
Dungeon (7/15)             Temple (0/1) D:6           Sewer (visited)

Altars:
Yredelemnul

Shops:
D:4 [   D:5 **[   D:7 [*?:

Annotations:
D:6 3 runed translucent doors, tasumai's ghost, novice DsBe


Innate Abilities, Weirdness & Mutations

You cannot wear most types of armour.
You are amphibious.
You can wear up to eight rings at the same time.
Your skin changes colour to match your surroundings (Stealth+).
Your rubbery body absorbs attacks. (AC +1, EV +1)
((You are camouflaged near water. (Stealth+)))
You have tentacles for arms and can constrict up to eight enemies at once.


Message History

You start resting.
You recover from your berserk rage.
You start resting.
A death knight is nearby!
You start resting.
A death knight is nearby!
You start resting.
HP restored.
(D) Dungeon (T) Temple
Where to? (Enter - D:6 @ (x,y), ? - help)
Okay, then.
You see here 23 arrows.
A death knight is nearby!
The death knight shouts!
The death knight invokes the aid of Yredelemnul against you.
Your body is wracked with pain!
The death knight offers itself to Yredelemnul, and fills with unholy energy.
The boulder beetle bites you! The boulder beetle bites you!
* * * LOW HITPOINT WARNING * * *
The boulder beetle curls into a ball and begins rolling!
Blink to where?
Press: ? - help, Dir - move target
As you read the scroll of blinking, it crumbles to dust.
The boulder beetle barely misses you.
The boulder beetle stops rolling and uncurls.
There is a stone staircase leading up here.
Okay, then.
Unknown command.
Okay, then.
Unknown command.
The boulder beetle bites you!
* * * LOW HITPOINT WARNING * * *
You fly upwards.
Level annotation: 3 runed translucent doors, tasumai's ghost, novice DsBe
There is a stone staircase leading down here.
Your skin crawls.
You feel strong-willed. The boulder beetle bites you!!
You die...

########### #.....B@..#
##.........#
##..........##############
#...........##.(..........
#..................#######
#...........##.###.# #
##..........##.# #.# # ###
##.........##.# #.# # <.#
##.........##.# #.## #


You could see a boulder beetle.

Vanquished Creatures
  A wyvern (D:6)
  6 yaks
  A steam dragon (D:6)
  A water moccasin (D:7)
  3 sky beasts
  2 black bears
  2 ogres
  2 kobold brigands
  A bullfrog (D:6)
  A gnoll sergeant (D:3)
  A water moccasin zombie (D:5)
  2 howler monkeys (D:6)
  3 centaur zombies
  A bullfrog zombie (D:5)
  A hound (D:6)
  An orc priest (D:6)
  2 jellies (D:5)
  A centaur skeleton (D:5)
  9 iguanas
  2 orc wizards (D:6)
  Robin (D:3)
  2 howler monkey skeletons
  11 gnolls
  7 adders
  A river rat (Sewer)
  3 worms
  5 dart slugs
  10 orcs
  5 bats
  7 endoplasms
  4 giant cockroaches
  11 goblins
  7 hobgoblins
  12 jackals
  12 kobolds
  4 quokkas
  6 ball pythons
  7 rats
  A spectral orc (D:4)
159 creatures vanquished.

Vanquished Creatures (others)
  A plant (D:7)
1 creature vanquished.

Grand Total: 160 creatures vanquished

Notes
Turn   | Place    | Note
-------+----------+-------------------------------------------
     0 | D:1      | nyamberluvr69 the Octopode Berserker began the quest for
                  | the Orb.
     0 | D:1      | Reached XP level 1. HP: 16/16 MP: 1/1
   204 | D:1      | Reached XP level 2. HP: 21/21 MP: 2/2
   577 | D:1      | Reached XP level 3. HP: 20/26 MP: 3/3
   969 | D:1      | Found a faded altar of an unknown god.
  1666 | D:2      | Reached XP level 4. HP: 33/33 MP: 4/4
  1717 | D:2      | Reached ** piety under Trog
  2233 | D:3      | Noticed a gnoll sergeant
  2443 | D:2      | Reached XP level 5. HP: 38/38 MP: 5/5
  2919 | D:3      | Reached skill level 5 in Fighting
  2919 | D:3      | Reached skill level 5 in Axes
  2995 | D:3      | Reached XP level 6. HP: 45/45 MP: 6/6
  3163 | D:3      | Noticed Robin
  3197 | D:3      | Killed Robin
  4043 | D:4      | Noticed a black bear
  4052 | D:4      | Found Xurruheo's Armour Boutique.
  4119 | D:4      | Reached *** piety under Trog
  4129 | D:4      | Found a glowing drain.
  4165 | Sewer    | Entered a sewer
  4579 | Sewer    | Found a white marble altar of Elyvilon.
  4675 | D:4      | Reached XP level 7. HP: 24/50 MP: 7/7
  5017 | D:4      | Found a basalt altar of Yredelemnul.
  5164 | D:5      | Entered Level 5 of the Dungeon
  5164 | D:5      | Found Deydeo's Specific Store.
  5165 | D:5      | Found Adwa's General Store.
  5169 | D:5      | Bought a scroll of identify for 22 gold pieces
  5655 | D:5      | Found Jumufava's Armour Boutique.
  5662 | D:5      | Reached XP level 8. HP: 24/57 MP: 8/8
  6668 | D:6      | Noticed a yak
  6668 | D:6      | Noticed a yak
  6668 | D:6      | Noticed a yak
  6669 | D:6      | Noticed a yak
  6765 | D:5      | Reached **** piety under Trog
  7211 | D:6      | Reached XP level 9. HP: 66/66 MP: 9/9
  8006 | D:6      | Noticed tasumai's ghost (novice DsBe)
  8008 | D:6      | Found a runed translucent gate.
  8009 | D:6      | Found a runed translucent gate.
  8010 | D:6      | Found a runed translucent gate.
  8223 | D:6      | Found a staircase to the Ecumenical Temple.
  8423 | D:7      | Found Zudu's Book Shop.
  8907 | D:7      | Found Gecichew's Magic Scroll Emporium.
  8913 | D:7      | Bought a scroll of teleportation for 39 gold pieces
  8913 | D:7      | Bought a scroll of blinking for 97 gold pieces
  8913 | D:7      | Bought a scroll of identify for 26 gold pieces
  8913 | D:7      | Bought a scroll of identify for 26 gold pieces
  9133 | D:7      | Found Xoigac's Antique Armour Shoppe.
  9154 | D:7      | Found Fuass's Assorted Antiques.
  9164 | D:7      | Bought a scroll of identify for 54 gold pieces
  9164 | D:7      | Bought an orange potion for 24 gold pieces
  9316 | D:7      | Noticed a boulder beetle
  9324 | D:7      | Noticed a death knight
  9750 | D:6      | Demolished by a boulder beetle

Illustrated notes

Levels and vault maps discovered:
D:1:      lightli_arrival_noodles, layout_basic,
          ebering_ecumenical_altar_abandoned
D:2:      layout_loops_ring
D:3:      layout_loops_ring, nrook_loot_triangle, uniq_robin
D:4:      layout_rooms, yredelemnul_forgotten_temple_becter, serial_shops, shop,
          cheibrodos_sewer_entry_drain
D:5:      layout_gridville, serial_shops, nicolae_stop_n_shop_1,
          nicolae_specific_store
D:6:      layout_loops_ring, minmay_temple_entry_enclosed_plants,
          gammafunk_ghost_necromancy
D:7:      minmay_cornered_nines, layout_layer_cave, serial_shops,
          nicolae_shop_overgrown_old_shop, shop, shop, nicolae_shop_crystal

Skill      XL: |  1  2  3  4  5  6  7  8  9 |
---------------+----------------------------+-----
Fighting       | 4 5 6 7 9 |  9.6
Axes           | 4 5 6 7 9 |  9.6
Shields        | 2 4 |  4.0
Dodging        | |  3.0

Action                   |  1- 3 |  4- 6 |  7- 9 || total
-------------------------+-------+-------+-------++-------
Melee: Hand axe          |    53 |   122 |   186 ||   361
       Tentacles         |    12 |    26 |    50 ||    88
       Constrict         |    16 |    33 |    23 ||    72
Throw: Dart              |       |     1 |       ||     1
Invok: Berserk           |     5 |    11 |    13 ||    29
       Trog's Hand       |       |       |     3 ||     3
  Use: Scroll            |       |       |    15 ||    15
 Stab: Distracted        |     1 |       |     1 ||     2
       Sleeping          |     1 |     8 |     4 ||    13
Armor: Skin              |     7 |     1 |     7 ||    15
Dodge: Dodged            |    24 |    45 |    74 ||   143
Block: Other             |       |     5 |       ||     5
       Buckler           |       |    26 |    59 ||    85
       Reflection        |       |     3 |       ||     3

Table legend: (Time is in decaauts)
 A = Elapsed time spent in this place.
 B = Non-inter-level travel time spent in this place.
 C = Inter-level travel time spent in this place.
 D = Time resting spent in this place.
 E = Time spent auto-exploring this place.
 F = Levels seen in this place.
 G = Mean time per level.
                   A        B        C        D        E       F      G
               +--------+--------+--------+--------+--------+-----+--------+
         Total |  10050 |   9735 |    315 |   3758 |   4292 |   8 | 1256.2 |
       Dungeon |   9563 |   9248 |    315 |   3515 |   4188 |   7 | 1366.1 |
         Sewer |    487 |    487 |      0 |    243 |    104 |   1 |  487.0 |
               +--------+--------+--------+--------+--------+-----+--------+

Top non-repeatable levels by time:
     D:5: 1818 daAuts
     D:2: 1539 daAuts
     D:6: 1504 daAuts
     D:7: 1374 daAuts
     D:1: 1338 daAuts
     D:3: 1328 daAuts
     D:4: 659 daAuts
   Sewer: 487 daAuts
